 Dungeon Crawl Stone Soup version 0.31-a0-851-g7ff8af7976 (webtiles) character file.

Game seed: 954634682989285496

1614 Flugkiller the Grappler (level 8, -3/48 HPs)
             Began as an Octopode Shapeshifter on Oct 6, 2023.
             Succumbed to a killer bee's poison
             ... on level 5 of the Dungeon.
             The game lasted 00:03:24 (5322 turns).

Flugkiller the Grappler (Octopode Shapeshifter)     Turns: 5322, Time: 00:03:25

Health: -3/48      AC:  1    Str: 14    XL:     8   Next: 96%
Magic:  8/8        EV: 13    Int: 12    God:
Gold:   164        SH:  0    Dex: 13    Spells: 7/7 levels left

rFire   + .          .
                       - Unarmed
rCold   + . .        (no shield)
rNeg    . . .        (helmet currently unavailable)
rPois   .            (no amulet)
rElec   .            p - ring of protection from fire
rCorr   .            f - ring of protection from fire
SInv    .            g - ring of ice
Will    .....        (no ring)
Stlth   ++           (no ring)
HPRegen 0.28/turn    (no ring)
MPRegen 0.11/turn    (no ring)
                     (no ring)

%: no passive effects
@: lethally poisoned (-3 -> -20), beast-form
A: beast (slay +1), almost no armour, amphibious, 8 rings, camouflage 1,
gelatinous body 1, (nimble swimmer 1), tentacles
a: Begin Untransformation


You were on level 5 of the Dungeon.
You were a hulking beast.
You visited 1 branch of the dungeon, and saw 5 of its levels.

You collected 164 gold pieces.

Inventory:

Jewellery
 f - a ring of protection from fire (right tentacle)
   (You found it on level 4 of the Dungeon)
 g - a ring of ice (on tentacle)
   (You found it on level 1 of the Dungeon)
 k - a ring of magical power
   (You found it on level 1 of the Dungeon)
 p - a ring of protection from fire (left tentacle)
   (You found it on level 1 of the Dungeon)
 x - a ring of magical power
   (You found it on level 3 of the Dungeon)
Talismans
 b - a beast talisman (active)
 c - a flux talisman
Scrolls
 e - a scroll of fear
 i - a scroll of noise {unknown}
 j - a scroll of revelation {unknown}
 l - a scroll of butterflies
 o - a scroll of fog
 s - a scroll of vulnerability {unknown}
Potions
 a - 3 potions of lignification
 d - a potion of brilliance {unknown}
 h - a potion of haste
 m - 3 potions of curing {unknown}
 n - a potion of magic {unknown}
 q - a potion of cancellation {unknown}
 r - a potion of might {unknown}
 t - 2 potions of heal wounds {unknown}
 u - 3 potions of enlightenment
 v - a potion of berserk rage {unknown}
 w - a potion of degeneration {unknown}
 z - a potion of attraction {unknown}


   Skills:
 - Level 1.0 Fighting
 - Level 2.0 Dodging
 + Level 11.4 Unarmed Combat
 - Level 3.0 Shapeshifting


You had 7 spell levels left.
You didn't know any spells.
Your spell library contained the following spells:

 Spells                   Type           Power      Damage    Failure   Level
 Sandblast                Erth           0%         2d4       32%         1
 Shock                    Conj/Air       0%         1d3       32%         1
 Blink                    Tloc           0%         N/A       45%         2
 Lesser Beckoning         Tloc           0%         N/A       45%         2
 Sublimation of Blood     Necr           0%         N/A       45%         2
 Gell's Gravitas          Tloc           0%         N/A       69%         3
 Swiftness                Air            0%         N/A       69%         3
 Teleport Other           Tloc           0%         N/A       69%         3
 Airstrike                Air            0%         2d(0-16)  97%         4
 Manifold Assault         Tloc           0%         N/A       97%         4
 Petrify                  Tmut/Erth      0%         N/A       97%         4
 Irradiate                Conj/Tmut      0%         3d11      100%        5


Dungeon Overview and Level Annotations

Branches:
Dungeon (5/15) Zot: 24717
 Temple: D:4-7

Altars:
Qazlal
Vehumet

Shops:
D:4 [

Annotations:
D:3 1 runed translucent door, Crazy Yiuf


Innate Abilities, Weirdness & Mutations

You are a hulking beast.
Your limbs bulge with bestial killing power. (Slay +1)
You cannot wear most types of armour.
You are amphibious.
You can wear up to eight rings at the same time.
Your skin changes colour to match your surroundings (Stealth+).
Your rubbery body absorbs attacks. (AC +1, EV +1)
((You are camouflaged when in or above water. (Stealth+)))
You have tentacles for arms and can constrict up to eight enemies at once.


Message History

A scorpion comes into view.
An orc wizard comes into view. It is wielding a +0 dagger.
You catch the helpless scorpion completely off-guard!
You tentacle-slap the scorpion. You grab the scorpion.
The scorpion is lightly wounded.
You constrict the scorpion. The scorpion closely misses you.
You tentacle-slap the scorpion. You squeeze the scorpion!
The scorpion is almost dead.
You constrict the scorpion.
You kill the scorpion!
No reachable target in view!
No reachable target in view!
No reachable target in view!
An orc wizard is nearby!
An orc wizard is nearby!
An orc wizard is nearby!
No reachable target in view!
A gnoll bouda comes into view. It is wielding a +0 club.
The gnoll bouda shouts!
The orc wizard shouts!
You hear a bark!
You tentacle-slap the gnoll bouda. You grab the gnoll bouda.
You tentacle-slap the gnoll bouda, but do no damage.
The gnoll bouda is lightly wounded.
You constrict the gnoll bouda.
The gnoll bouda hits you with a +0 club!
You bludgeon the gnoll bouda! You squeeze the gnoll bouda.
The gnoll bouda is almost dead.
You constrict the gnoll bouda.
You kill the gnoll bouda!
You bludgeon the orc wizard! You grab the orc wizard.
You squeeze the orc wizard.
The orc wizard is severely wounded.
You constrict the orc wizard, but do no damage.
The orc wizard hits you with a +0 dagger.
You tentacle-slap the orc wizard.
The orc wizard is almost dead.
You constrict the orc wizard.
You kill the orc wizard!
A hound comes into view.
Items here: )) [[ †.
You closely miss the hound.
The hound barks!
You grab the hound. You constrict the hound.
You hear a bark!
The hound bites you. The hound misses you.
A hound is nearby!
You bludgeon the hound!
The hound is severely wounded.
You constrict the hound, but do no damage.
The hound misses you.
You are too injured to fight recklessly!
You bludgeon the hound!
You kill the hound!
You are too injured to fight recklessly!
You start resting.
A hound comes into view.
A hound is nearby!
A hound is nearby!
The hound closely misses you.
You bludgeon the hound! You grab the hound.
You squeeze the hound, but do no damage.
The hound is heavily wounded.
You constrict the hound. The hound closely misses you.
You bludgeon the hound!
You kill the hound!
No target in view!
No target in view!
Key pressed, stopping explore.
No target in view!
A killer bee is nearby!
The killer bee stings you.
You closely miss the killer bee. Your grab misses the killer bee.
The killer bee barely misses you. The killer bee stings you!
You barely miss the killer bee. Your grab misses the killer bee.
Your tentacle-slap misses the killer bee.
The killer bee stings you!
You are too injured to fight recklessly!
You are too injured to fight recklessly!
You closely miss the killer bee. Your grab misses the killer bee.
The killer bee stings you.
You are poisoned.
The killer bee poisons you! The killer bee stings you.
* * * LOW HITPOINT WARNING * * *
You are more poisoned.
The killer bee poisons you!
You are too injured to fight recklessly!
You tentacle-slap the killer bee. Your grab misses the killer bee.
Your squeeze misses the killer bee.
The killer bee is moderately wounded.
* * * LOW HITPOINT WARNING * * *
You feel very sick. The killer bee stings you.
* * * LOW HITPOINT WARNING * * *
Okay, then.
You tentacle-slap the killer bee but do no damage.
Your grab misses the killer bee.
Your tentacle-slap misses the killer bee.
Your squeeze misses the killer bee.
The killer bee is moderately wounded.
You die...

....# #..#..#
....# # ###..#..#
......
#.....l#..#
.....# .....o#..#
.....#
.#####..#####..
.....#..#......
.....#..#..l...
#####.y#..#..####
#....h.#..#.....
#......#..#......
#..#####..#####$.
#......#..#......
#......#..#.....S
#####..#..#..####
#......#..#.....
#......#..#.....
#..#####..#####..


You could see a killer bee.

Vanquished Creatures
  Sigmund (D:2)
  An ice beast (D:5)
  A black bear (D:3)
  An ogre (D:5)
  Blork the orc (D:4)
  8 scorpions
  3 hounds (D:5)
  A gnoll bouda (D:5)
  A jelly (D:5)
  A sleepcap (D:4)
  3 orc priests
  Terence (D:2)
  5 orc wizards
  12 adders
  2 ufetubi
  5 worms
  2 dart slugs
  13 orcs
  15 bats
  4 endoplasms
  4 giant cockroaches
  5 goblins
  10 hobgoblins
  3 quokkas
  8 ball pythons
  6 frilled lizards
  7 kobolds
  7 rats
131 creatures vanquished.

Notes
Turn   | Place    | Note
-------+----------+-------------------------------------------
     0 | D:1      | Flugkiller the Octopode Shapeshifter began the quest for
                  | the Orb.
     0 | D:1      | Reached XP level 1. HP: 13/13 MP: 1/1
   277 | D:1      | Reached XP level 2. HP: 18/18 MP: 2/2
   623 | D:1      | Reached skill level 4 in Unarmed Combat
   627 | D:1      | Reached XP level 3. HP: 23/23 MP: 3/3
   937 | D:2      | Noticed Sigmund
   943 | D:2      | Killed Sigmund
   944 | D:2      | Reached skill level 6 in Unarmed Combat
   944 | D:2      | Reached XP level 4. HP: 27/28 MP: 4/4
   944 | D:2      | Reached XP level 5. HP: 32/33 MP: 5/5
  1265 | D:2      | Reached XP level 6. HP: 36/38 MP: 6/6
  1305 | D:2      | Noticed Terence
  1321 | D:2      | Killed Terence
  1928 | D:3      | Found a faded altar of an unknown god.
  1943 | D:3      | Reached skill level 7 in Unarmed Combat
  1950 | D:3      | Got a dusty book
  2230 | D:3      | Found a radiant altar of Vehumet.
  2330 | D:3      | Noticed a black bear
  2337 | D:3      | Killed a black bear
  2387 | D:3      | Reached XP level 7. HP: 10/43 MP: 7/7
  2701 | D:3      | Found a runed translucent door.
  2702 | D:3      | Noticed Crazy Yiuf
  3077 | D:4      | Noticed Blork the orc
  3080 | D:4      | Reached skill level 8 in Unarmed Combat
  3084 | D:4      | Killed Blork the orc
  3347 | D:4      | Identified the +7 dagger of Anguish {freeze, rF+ rN+ Int-2}
  3670 | D:4      | Found a stormy altar of Qazlal.
  3888 | D:4      | Found Fuluext's Antique Armour Shoppe.
  4050 | D:4      | Reached skill level 9 in Unarmed Combat
  4357 | D:4      | Reached XP level 8. HP: 38/48 MP: 8/8
  4544 | D:4      | Reached skill level 10 in Unarmed Combat
  4811 | D:5      | Entered Level 5 of the Dungeon
  5136 | D:5      | Reached skill level 11 in Unarmed Combat
  5321 | D:5      | HP: 1/48 [killer bee (5)]
  5322 | D:5      | Succumbed to a killer bee's poison

Illustrated notes

Levels and vault maps discovered:
D:1:      saegor_arrival_under_anarchy, layout_basic
D:2:      minmay_razor_zed, layout_basic, uniq_sigmund, uniq_terence
D:3:      layout_loops_corners, mainiacjoe_overflow_tiny_flanked,
          shapermc_ecumenical_altar_rom_forum, uniq_crazy_yiuf_cottage
D:4:      old_forge, layout_basic, grunt_qazlal_sundering, serial_shops,
          kennysheep_little_box, uniq_blork_the_orc
D:5:      kennysheep_windowed_halls, layout_basic,
          nicolae_ru_sacrificial_ziggurat

Skill      XL: |  1  2  3  4  5  6  7  8 |
---------------+-------------------------+-----
Unarmed Combat | 4 6 7 9 11 | 11.4
Fighting       | |  1.0
Dodging        | |  2.0
Shapeshifting  | |  3.0

Action                     |  1- 3 |  4- 6 |  7- 9 || total
---------------------------+-------+-------+-------++-------
  Melee: Unarmed           |    43 |    80 |   140 ||   263
         Tentacles         |     6 |    18 |    39 ||    63
         Constrict         |     7 |    26 |    36 ||    69
         Punch             |     2 |     1 |    10 ||    13
    Use: Scroll            |       |     4 |     2 ||     6
   Stab: Sleeping          |     7 |     6 |     1 ||    14
         Distracted        |       |       |     1 ||     1
 Armour: Skin              |     9 |    32 |    70 ||   111
  Dodge: Dodged            |    24 |    39 |    90 ||   153

Table legend: (Time is in decaauts)
 A = Elapsed time spent in this place.
 B = Non-inter-level travel time spent in this place.
 C = Inter-level travel time spent in this place.
 D = Time resting spent in this place.
 E = Time spent auto-exploring this place.
 F = Levels seen in this place.
 G = Mean time per level.
                   A        B        C        D        E       F      G
               +--------+--------+--------+--------+--------+-----+--------+
         Total |   5282 |   5153 |    129 |   1063 |   3336 |   5 | 1056.4 |
       Dungeon |   5282 |   5153 |    129 |   1063 |   3336 |   5 | 1056.4 |
               +--------+--------+--------+--------+--------+-----+--------+

Top non-repeatable levels by time:
     D:4: 1752 daAuts
     D:2: 1180 daAuts
     D:3: 1028 daAuts
     D:1: 819 daAuts
     D:5: 501 daAuts
